Map: Frozen Temple

Players

CombatMagic

  • Race: Protoss Protoss
  • Spawn Location: 5:00

Fropez - Winner!

  • Race: Protoss Protoss
  • League: Gold
  • Spawn Location: 11:00

VOD

Have the link to the VOD?

Description

Time

  • Played on: Sept. 15, 2016, 4:38 p.m.
  • Length: 17:33
Show
View Real Time Build Order
Export as new Build Order

CombatMagic Protoss 

Build Orders:  

Get SALT Encoding   

  12  0:01  Probe (Chrono Boost)  
  13  0:12  Probe (Chrono Boost)  
  14  0:22  Probe (Chrono Boost)  
  14  0:23  Pylon  
  15  0:41  Probe (Chrono Boost)  
  16  0:50  Gateway  
  16  0:56  Probe (Chrono Boost)  
  17  1:06  Probe (Chrono Boost)  
  18  1:18  Probe (Chrono Boost)  
  19  1:46  Zealot  
  21  1:50  Probe (Chrono Boost)  
  22  1:54  Pylon  
  22  1:55  Assimilator  
  22  2:01  Probe (Chrono Boost)  
  23  2:04  Cybernetics Core  
  23  2:07  Pylon  
  23  2:12  Probe (Chrono Boost)  
  23  2:13  Pylon  
  24  2:23  Probe (Chrono Boost)  
  24  2:24  Nexus  
  24  2:27  Zealot  
  27  2:46  Pylon  
  27  2:51  Probe (Chrono Boost)  
  28  2:55  Assimilator  
  28  2:58  Gateway  
  28  2:59  Gateway  
  28  3:01  Probe (Chrono Boost)  
  29  3:12  Mothership Core (Chrono Boost)  
  31  3:15  Warp Gate (Chrono Boost)  
  31  3:24  Adept  
  33  3:32  Probe  
  34  3:35  Probe  
  35  3:44  Probe  
  35  3:46  Probe  
  37  3:56  Probe x2  
  37  4:00  Pylon  
  39  4:07  Probe  
  39  4:08  Probe  
  36  4:20  Probe  
  35  4:29  Pylon  
  35  4:35  Probe  
  36  4:45  Pylon  
  36  4:48  Probe (Chrono Boost)  
  37  4:58  Pylon  
  37  4:59  Probe (Chrono Boost)  
  38  5:09  Probe (Chrono Boost), Assimilator  
  38  5:13  Assimilator  
  34  5:20  Probe (Chrono Boost)  
  34  5:22  Stalker  
  36  5:30  Probe (Chrono Boost)  
  37  5:39  Forge  
  37  5:41  Probe (Chrono Boost)  
  38  5:52  Probe (Chrono Boost)  
  38  5:56  Probe (Chrono Boost)  
  40  6:01  Stalker x3  
  40  6:02  Probe (Chrono Boost)  
  47  6:06  Probe (Chrono Boost)  
  47  6:10  Twilight Council  
  45  6:13  Probe (Chrono Boost)  
  45  6:17  Probe (Chrono Boost)  
  37  6:44  Stalker x3  
  43  6:48  Blink (Chrono Boost)  
  39  7:08  Stalker x2  
  39  7:09  Stalker  
  39  7:13  Probe  
  39  7:14  Probe  
  47  7:25  Probe (Chrono Boost)  
  47  7:26  Probe (Chrono Boost)  
  49  7:36  Probe (Chrono Boost)  
  51  7:37  Probe (Chrono Boost)  
  51  7:47  Probe x2 (Chrono Boost)  
  51  7:49  Stargate  
  53  7:57  Probe x2 (Chrono Boost)  
  55  8:05  Stalker x2  
  57  8:06  Stalker  
  57  8:07  Probe  
  57  8:08  Probe  
  63  8:18  Probe  
  64  8:20  Probe  
  61  8:36  Stalker x2  
  65  8:59  Stalker x3  
  68  9:07  Probe  
  61  9:18  Probe  
  61  9:21  Phoenix  
  64  9:29  Probe x2 (Chrono Boost)  
  66  9:41  Probe x2 (Chrono Boost)  
  68  9:46  Phoenix  
  68  9:52  Probe (Chrono Boost)  
  69  10:02  Probe (Chrono Boost)  
  70  10:13  Probe (Chrono Boost)  
  69  10:20  Stalker x2  
  69  10:21  Stalker  
  59  11:30  Probe (Chrono Boost)  
  60  11:36  Probe (Chrono Boost)  
  60  11:38  Photon Cannon  
  61  11:40  Photon Cannon  
  61  11:41  Probe (Chrono Boost)  
  63  11:47  Probe (Chrono Boost)  
  63  11:51  Probe (Chrono Boost)  
  64  11:57  Probe (Chrono Boost)  
  60  12:02  Probe (Chrono Boost)  
  60  12:08  Probe (Chrono Boost)  
  26  13:27  Stalker  
  26  13:28  Stalker x2  
  26  13:30  Void Ray (Chrono Boost)  
  36  13:39  Probe x2  
  38  13:50  Probe  
  38  13:51  Probe  
  38  13:52  Stalker  
  42  14:00  Probe  
  41  14:03  Probe  
  41  14:09  Void Ray (Chrono Boost)  
  45  14:11  Probe  
  45  14:15  Probe  
  47  14:22  Probe  
  48  14:35  Probe  
  48  14:36  Probe  
  50  14:46  Void Ray (Chrono Boost)  
  50  14:47  Probe x2  
  56  14:57  Probe  
  56  14:59  Probe  
  58  15:08  Probe  
  58  15:09  Stalker x3  
  58  15:11  Probe  
  66  15:23  Void Ray (Chrono Boost)  
  70  15:35  Stalker  
  32  16:30  Stalker x2  
  31  16:33  Void Ray (Chrono Boost)  
  31  16:54  Stalker  
  33  16:57  Stalker  
  19  17:24  Stalker x2  
Show
View Real Time Build Order
Export as new Build Order

Fropez Protoss - Winner!

Build Orders: Oracle Opening 

Get SALT Encoding   

  12  0:01  Probe (Chrono Boost)  
  13  0:17  Pylon  
  13  0:18  Probe (Chrono Boost)  
  14  0:29  Probe (Chrono Boost)  
  14  0:35  Gateway  
  15  0:39  Probe (Chrono Boost)  
  17  0:50  Probe (Chrono Boost)  
  17  0:57  Pylon  
  17  1:00  Probe (Chrono Boost)  
  18  1:11  Probe (Chrono Boost)  
  19  1:22  Cybernetics Core  
  19  1:24  Probe (Chrono Boost)  
  20  1:29  Pylon  
  20  1:34  Probe (Chrono Boost)  
  20  1:38  Assimilator  
  21  1:42  Assimilator  
  21  2:01  Nexus  
  21  2:13  Probe (Chrono Boost)  
  22  2:24  Probe (Chrono Boost)  
  23  2:34  Probe (Chrono Boost)  
  23  2:36  Stargate  
  24  2:45  Probe (Chrono Boost)  
  24  2:50  Pylon  
  25  2:54  Pylon  
  25  2:55  Probe (Chrono Boost)  
  25  2:57  Warp Gate (Chrono Boost)  
  26  3:00  Stalker  
  27  3:06  Probe (Chrono Boost)  
  28  3:16  Probe (Chrono Boost)  
  29  3:20  Oracle (Chrono Boost)  
  32  3:28  Probe  
  32  3:30  Assimilator  
  33  3:44  Gateway  
  33  3:45  Gateway  
  33  3:49  Probe, Oracle (Chrono Boost)  
  37  3:58  Probe, Assimilator  
  37  4:02  Probe  
  39  4:24  Probe, Oracle  
  39  4:25  Probe  
  44  4:45  Probe  
  45  4:48  Mothership Core  
  45  4:51  Pylon  
  47  4:55  Oracle  
  47  4:58  Robotics Facility  
  47  4:59  Pylon  
  47  5:04  Pylon  
  50  5:07  Pylon  
  50  5:26  Probe, Oracle  
  50  5:27  Probe  
  52  5:33  Adept x2  
  59  5:38  Probe  
  59  5:39  Probe  
  61  5:43  Pylon, Gateway  
  61  5:51  Probe x2  
  61  5:53  Immortal  
  64  7:00  Immortal  
  66  7:06  Gateway, Oracle  
  64  7:09  Probe, Gateway  
  64  7:10  Probe  
  64  7:11  Gateway  
  64  7:13  Gateway  
  64  7:15  Gateway  
  69  7:18  Pylon  
  69  7:22  Adept x4  
  77  7:39  Warp Prism  
  77  7:43  Adept x2  
  77  7:44  Adept x2  
  87  7:52  Twilight Council  
  87  7:55  Gateway  
  87  7:57  Pylon  
  87  8:01  Pylon  
  87  8:07  Forge  
  87  8:09  Forge  
  87  8:42  Adept x2  
  87  8:43  Adept x7  
  97  9:16  Adept x7  
  97  9:17  Adept x2  
  110  9:23  Probe x2  
  111  9:26  Protoss Ground Weapons Level 1 (Chrono Boost), Protoss Ground Armor Level 1 (Chrono Boost)  
  111  9:28  Resonating Glaives  
  111  9:55  Nexus  
  90  10:23  Adept x4  
  90  10:24  Adept x5  
  82  10:51  Pylon  
  82  10:53  Pylon  
  72  11:00  Pylon  
  72  11:04  Oracle  
  72  11:10  Adept x3  
  72  11:11  Adept x5  
  87  11:12  Adept x2  
  87  11:13  Probe x2  
  95  11:23  Observer  
  96  11:26  Protoss Ground Weapons Level 2 (Chrono Boost)  
  96  11:30  Protoss Ground Armor Level 2 (Chrono Boost)  
  96  11:41  Assimilator  
  96  11:43  Probe x2  
  98  11:50  Assimilator  
  93  12:14  Adept x3  
  93  12:15  Adept x4  
  99  12:16  Adept x2  
  88  12:27  Templar Archives  
  81  12:46  Immortal  
  75  13:18  Adept x7  
  75  13:19  Adept  
  91  13:43  High Templar x5  
  91  13:44  High Templar x5  
  111  13:56  Archon x4  
  111  13:57  Archon  
  95  14:26  Nexus  
  95  14:27  High Templar x6  
  105  14:31  Archon  
  105  14:32  Archon x2  
  105  14:45  Adept  
  105  14:46  Adept x2  
  111  15:06  Protoss Ground Weapons Level 3 (Chrono Boost)  
  101  16:41  Adept x2  
  101  16:42  Adept x5  
  101  16:43  Adept x3  
  119  17:08  Nexus  
Tags
 
League
Gold
Matchup
PvP
Replay Pack
All Mines
Spawn Locations
Cross Positions
Add a new tag
Caveats
  • Supply blocks, unpowered buildings, or Contaminate may cause inaccurate times.
  • Supply counts are checked every 10 seconds.